 Dungeon Crawl Stone Soup version 0.32-a0-473-gd044c6f0f0 (webtiles) character file.

Game seed: 619289736359326538

2 cforsyth the Chopper (level 1, 0/16 HPs)
             Began as a Coglin Gladiator on Feb 25, 2024.
             Succumbed to a kobold's poison
             ... on level 1 of the Dungeon.
             The game lasted 00:00:20 (27 turns).

cforsyth the Chopper (Coglin Gladiator)               Turns: 27, Time: 00:00:21

Health: 0/16       AC:  4    Str: 14    XL:     1   Next: 40%
Magic:  1/1        EV: 12    Int:  7    God:
Gold:   0          SH:  0    Dex: 15    Spells: 0/0 levels left

rFire   . . .        a - +0 war axe {Gisele}
rCold   . . .        (no shield)
rNeg    . . .        b - +0 leather armour
rPois   .            c - +0 helmet
rElec   .            (no cloak)
rCorr   .            (no gloves)
SInv    .            (no boots)
Will    .....        (no amulet)
Stlth   +            (ring unavailable)
HPRegen 0.22/turn    (ring unavailable)
MPRegen 0.07/turn

%: no passive effects
@: lethally poisoned (0 -> -2), revving
A: off-hand wielding, slow wielding, warmup strikes, no rings
a: no special abilities


You were on level 1 of the Dungeon.
You visited 1 branch of the dungeon, and saw 1 of its levels.


Innate Abilities, Weirdness & Mutations

You can wield a second weapon in your off-hand.
It takes a long time for you to wield or remove held weapons.
Your first few attacks do less damage.
Your grasper-arms cannot wear rings.


   Skills:
 + Level 2.0 Fighting
 + Level 3.0 Axes
 - Level 1.7 Throwing
 + Level 0.2 Armour
 - Level 2.6 Dodging


You couldn't memorise any spells.
You didn't know any spells.
Your spell library was empty.

Inventory:

Hand Weapons
 a - a +0 war axe (weapon) {Gisele}
 h - a +1 short sword of venom
Missiles
 d - 3 throwing nets (quivered) {=f}
 e - a javelin
Armour
 b - a +0 leather armour (worn)
 c - a +0 helmet (worn)
Scrolls
 f - a scroll of identify {unknown}
 g - 2 scrolls of teleportation {unknown}

Dungeon Overview and Level Annotations

Branches:
Dungeon (1/15)

Altars:

.# ##.# .... # #..#
.# #.$# #. #.. . #.#
.# #.#@###.#.#
#..)......#
#####.#####
#.####### #.......#
###......# ###
####........#
~~..###...........#
≈~.................#


There were no monsters in sight!


Message History

You feel sick.
The kobold hits you with a +1 short sword of venom.
You are lethally poisoned!
Unknown command.
Unknown command.
You slash the kobold!
You kill the kobold!
* * * LOW HITPOINT WARNING * * *
You feel very sick.
Unknown command.
Unknown command.
Unknown command.
You aren't carrying any potions.
Unknown command.
Found 6 gold pieces.
* * * LOW HITPOINT WARNING * * *
You feel sick.
Things that are here:
a +1 short sword of venom; 5 stones
h - a +1 short sword of venom
* * * LOW HITPOINT WARNING * * *
You feel sick.
Unknown command.
* * * LOW HITPOINT WARNING * * *
You feel sick.
* * * LOW HITPOINT WARNING * * *
You feel sick.
* * * LOW HITPOINT WARNING * * *
You feel sick.
You die...

Action                     || total
---------------------------++-------
  Melee: War axe           ||     6
 Armour: Leather armour    ||     5
  Dodge: Dodged            ||     2

Levels and vault maps discovered:
D:1:      nicolae_arrival_washed_ashore, layout_loops_cross

Notes
Turn   | Place    | Note
-------+----------+-------------------------------------------
     0 | D:1      | cforsyth the Coglin Gladiator began the quest for the Orb.
     0 | D:1      | Reached XP level 1. HP: 16/16 MP: 1/1
    26 | D:1      | HP: 1/16 [poisoned by a kobold]
    27 | D:1      | Succumbed to a kobold's poison

Vanquished Creatures
  A goblin (D:1)
  A kobold (D:1)
2 creatures vanquished.

Table legend: (Time is in decaauts)
 A = Elapsed time spent in this place.
 B = Non-inter-level travel time spent in this place.
 C = Inter-level travel time spent in this place.
 D = Time resting spent in this place.
 E = Time spent auto-exploring this place.
 F = Levels seen in this place.
 G = Mean time per level.
                   A        B        C        D        E       F      G
               +--------+--------+--------+--------+--------+-----+--------+
         Total |     28 |     28 |      0 |      0 |     11 |   1 |   28.0 |
       Dungeon |     28 |     28 |      0 |      0 |     11 |   1 |   28.0 |
               +--------+--------+--------+--------+--------+-----+--------+

Top non-repeatable levels by time:
     D:1: 28 daAuts

Table legend:
 A = Non-vault XP
 B = Vault XP
 C = Vault XP percentage of total XP
 D = Non-vault monster count
 E = Vault monster count
 F = Vault count percentage of total count
                 A         B        C        D         E       F
            +---------+---------+-------+---------+---------+-------
      Total |       4 |       0 |   0.0 |       2 |       0 |   0.0
            +---------+---------+-------+---------+---------+-------
        D:1 |       4 |       0 |   0.0 |       2 |       0 |   0.0
            +---------+---------+-------+---------+---------+-------
